General information
- name: BNet
- type: Ladder team game (AT/RT)
- host: Battle.net
- saver: KeeperFriday
map: UpperKingdom
- players: 6
- length: 43:23
- speed: Fast
- version: 1.27 W3XP
- replay type:

» download(306 KB)
Players
team 1 (loser)
Grakus (
blue | 42 APM | 1814 actions | 43:12)
4 Archmage
2 Summon Water Elemental
2 Brilliance Aura
2 Mountain King
1 Storm Bolt
1 Bash
2 Paladin
1 Holy Light
1 Devotion Aura
» actions
| Assign group hotkey | 33 | |
| Basic commands | 117 | |
| Build / train | 135 | |
| Enter build submenu | 22 | |
| Enter hero's abilities submenu | 8 | |
| Give item / drop item | 1 | |
| Remove unit from queue | 19 | |
| Right click | 642 | |
| Select / deselect | 686 | |
| Select group hotkey | 88 | |
| Use ability | 63 | |
1814 total
» units
| Peasant | 20 | |
| Footman | 7 | |
| Rifleman | 12 | |
| Mortar Team | 19 | |
| Siege Engine | 25 | |
| Knight | 6 | |
89 total
» upgrades
| Swords | 2 | |
| Gunpowder | 3 | |
| Lumber Harvesting | 2 | |
| Barrage | 1 | |
| Animal War Training | 1 | |
9 total
» buildings
| Barracks | 1 | |
| Altar of Kings | 1 | |
| Farm | 15 | |
| Blacksmith | 1 | |
| Scout Tower | 2 | |
| Arcane Tower | 2 | |
| Lumber Mill | 1 | |
| Keep | 1 | |
| Arcane Vault | 1 | |
| Workshop | 2 | |
| Castle | 1 | |
| Town Hall | 2 | |
30 total
» build order
00:19 Barracks
00:21 Altar of Kings
00:37 Farm
00:38 Farm
01:53 Farm
02:01 Blacksmith
02:17 Scout Tower
02:55 Arcane Tower
03:39 Scout Tower
04:09 Arcane Tower
05:00 Farm
05:02 Farm
06:40 Farm
07:45 Lumber Mill
08:37 Keep
08:43 Arcane Vault
11:05 Workshop
11:22 Castle
11:31 Farm
11:33 Farm
12:19 Farm
12:20 Farm
13:56 Farm
13:57 Farm
21:29 Workshop
21:37 Farm
22:20 Farm
22:21 Farm
22:54 Town Hall
38:13 Town Hall
» items
| Scroll of Regeneration | 1 | |
| Lesser Clarity Potion | 1 | |
| Potion of Mana | 1 | |
3 total
Nakrom (
red | 42 APM | 1795 actions | 43:04)
5 Dark Ranger
2 Black Arrow
3 Life Drain
» actions
| Assign group hotkey | 6 | |
| Basic commands | 255 | |
| Build / train | 82 | |
| ESC pressed | 1 | |
| Enter build submenu | 21 | |
| Enter hero's abilities submenu | 5 | |
| Right click | 975 | |
| Select / deselect | 352 | |
| Select group hotkey | 37 | |
| Use ability | 61 | |
1795 total
» units
| Acolyte | 5 | |
| Ghoul | 22 | |
| Necromancer | 14 | |
| Frost Wyrm | 17 | |
58 total
» upgrades
| Unholy Armor | 1 | |
| Unholy Strength | 1 | |
| Creature Carapace | 1 | |
| Necromancer Training | 2 | |
| Skeletal Longevity | 1 | |
| Skeletal Mastery | 1 | |
| Freezing Breath | 1 | |
8 total
» buildings
| Altar of Darkness | 1 | |
| Ziggurat | 8 | |
| Crypt | 3 | |
| Graveyard | 1 | |
| Tomb of Relics | 1 | |
| Nerubian Tower | 1 | |
| Spirit Tower | 1 | |
| Halls of the Dead | 1 | |
| Black Citadel | 1 | |
| Slaughterhouse | 1 | |
| Sacrificial Pit | 1 | |
| Temple of the Damned | 2 | |
| Boneyard | 2 | |
24 total
» build order
00:19 Altar of Darkness
00:26 Ziggurat
00:39 Crypt
01:11 Crypt
01:18 Graveyard
01:52 Ziggurat
01:58 Tomb of Relics
03:33 Nerubian Tower
04:13 Spirit Tower
06:22 Ziggurat
06:29 Crypt
08:10 Ziggurat
10:21 Halls of the Dead
12:06 Ziggurat
12:07 Ziggurat
12:09 Ziggurat
13:37 Black Citadel
13:42 Slaughterhouse
13:47 Sacrificial Pit
14:50 Temple of the Damned
15:08 Temple of the Damned
20:12 Boneyard
22:22 Boneyard
40:13 Ziggurat
» items
| Dust of Appearance | 3 | |
| Rod of Necromancy | 1 | |
| Scroll of Town Portal | 1 | |
| Orb of Corruption | 1 | |
6 total
Narielf (
orange | 60 APM | 2603 actions | 43:21)
4 Keeper of the Grove
2 Force of Nature
2 Entangling Roots
2 Demon Hunter
1 Immolation
1 Mana Burn
» actions
| Build / train | 160 | |
| ESC pressed | 1 | |
| Enter build submenu | 17 | |
| Enter hero's abilities submenu | 6 | |
| Remove unit from queue | 26 | |
| Right click | 1855 | |
| Select / deselect | 480 | |
| Use ability | 57 | |
2603 total
» units
| Wisp | 14 | |
| Archer | 20 | |
| Huntress | 19 | |
| Glaive Thrower | 13 | |
| Druid of the Claw | 32 | |
98 total
» upgrades
| Strength of the Moon | 3 | |
| Strength of the Wild | 3 | |
| Reinforced Hides | 3 | |
| Moon Armor | 5 | |
| Ultravision | 1 | |
| Improved Bows | 1 | |
| Sentinel | 1 | |
| Vorpal Blades | 2 | |
| Upgrade Moon Glaive | 1 | |
| Marksmanship | 1 | |
| Well Spring | 1 | |
| Druid of the Claw Training | 2 | |
24 total
» buildings
| Ancient of War | 1 | |
| Altar of Elders | 1 | |
| Moon Well | 10 | |
| Hunter's Hall | 1 | |
| Ancient of Wonders | 1 | |
| Tree of Ages | 1 | |
| Tree of Eternity | 1 | |
| Ancient of Wind | 1 | |
| Ancient of Lore | 1 | |
| Tree of Life | 1 | |
19 total
» build order
00:30 Ancient of War
00:53 Altar of Elders
01:02 Moon Well
01:04 Moon Well
05:21 Hunter's Hall
06:31 Moon Well
06:33 Moon Well
06:34 Moon Well
10:05 Ancient of Wonders
13:46 Tree of Ages
17:55 Tree of Eternity
20:03 Ancient of Wind
23:42 Moon Well
23:42 Moon Well
23:43 Moon Well
23:44 Moon Well
23:45 Moon Well
29:42 Ancient of Lore
30:34 Tree of Life
» items
team 2 (winner)
iggy_the_fisk (
pink | 114 APM | 4961 actions | 43:22)
6 Mountain King
3 Storm Bolt
3 Bash
5 Paladin
3 Holy Light
2 Divine Shield
» actions
| Assign group hotkey | 616 | |
| Basic commands | 25 | |
| Build / train | 159 | |
| Enter build submenu | 109 | |
| Enter hero's abilities submenu | 12 | |
| Give item / drop item | 6 | |
| Right click | 2590 | |
| Select / deselect | 504 | |
| Select group hotkey | 635 | |
| Use ability | 305 | |
4961 total
» units
» upgrades
| Masonry | 3 | |
| Lumber Harvesting | 2 | |
| Magic Sentry | 1 | |
6 total
» buildings
| Altar of Kings | 2 | |
| Farm | 5 | |
| Scout Tower | 137 | |
| Arcane Tower | 31 | |
| Lumber Mill | 2 | |
| Guard Tower | 50 | |
| Keep | 2 | |
| Arcane Vault | 3 | |
| Town Hall | 1 | |
| Arcane Sanctum | 2 | |
| Castle | 1 | |
236 total
» build order
00:04 Altar of Kings
00:29 Farm
00:44 Scout Tower
00:56 Farm
01:00 Scout Tower
01:05 Scout Tower
01:06 Scout Tower
01:14 Arcane Tower
01:16 Scout Tower
01:29 Scout Tower
01:30 Arcane Tower
01:35 Lumber Mill
01:47 Arcane Tower
01:47 Arcane Tower
01:47 Arcane Tower
01:52 Scout Tower
02:02 Arcane Tower
02:02 Arcane Tower
02:02 Arcane Tower
02:13 Scout Tower
02:26 Scout Tower
02:29 Scout Tower
02:30 Arcane Tower
02:31 Arcane Tower
02:33 Arcane Tower
02:44 Scout Tower
02:47 Scout Tower
02:58 Scout Tower
03:22 Guard Tower
03:24 Guard Tower
03:24 Guard Tower
03:29 Scout Tower
03:30 Guard Tower
03:31 Guard Tower
03:32 Scout Tower
03:59 Guard Tower
04:01 Guard Tower
04:02 Scout Tower
04:08 Scout Tower
04:22 Guard Tower
04:24 Scout Tower
04:38 Keep
05:09 Guard Tower
05:12 Scout Tower
05:15 Guard Tower
05:15 Guard Tower
05:33 Arcane Vault
05:39 Guard Tower
05:40 Guard Tower
05:41 Scout Tower
05:57 Scout Tower
05:58 Scout Tower
06:09 Guard Tower
06:10 Scout Tower
06:14 Guard Tower
06:16 Scout Tower
06:32 Scout Tower
06:34 Guard Tower
06:36 Arcane Tower
06:55 Scout Tower
06:58 Scout Tower
06:59 Guard Tower
07:01 Scout Tower
07:22 Guard Tower
07:33 Guard Tower
07:34 Scout Tower
08:04 Guard Tower
08:06 Scout Tower
08:35 Guard Tower
09:58 Scout Tower
10:25 Arcane Tower
10:53 Town Hall
11:23 Arcane Tower
11:26 Scout Tower
11:31 Farm
12:20 Farm
13:06 Lumber Mill
13:10 Altar of Kings
13:17 Scout Tower
13:18 Scout Tower
13:36 Arcane Tower
13:37 Arcane Tower
13:40 Scout Tower
13:44 Scout Tower
14:14 Guard Tower
14:45 Scout Tower
14:48 Scout Tower
14:50 Arcane Tower
14:50 Guard Tower
14:51 Scout Tower
14:52 Scout Tower
14:58 Keep
15:09 Scout Tower
16:04 Guard Tower
16:05 Scout Tower
16:08 Guard Tower
16:08 Scout Tower
16:09 Scout Tower
16:10 Scout Tower
16:10 Scout Tower
16:16 Scout Tower
16:28 Farm
16:33 Guard Tower
16:34 Scout Tower
17:00 Guard Tower
17:03 Scout Tower
17:05 Guard Tower
17:08 Scout Tower
17:19 Arcane Sanctum
17:39 Castle
17:43 Guard Tower
17:46 Arcane Sanctum
18:05 Scout Tower
18:06 Scout Tower
18:07 Scout Tower
18:09 Scout Tower
19:00 Scout Tower
19:40 Arcane Tower
19:41 Guard Tower
20:15 Guard Tower
20:20 Scout Tower
20:22 Scout Tower
20:22 Scout Tower
20:23 Scout Tower
20:23 Scout Tower
20:25 Scout Tower
20:25 Scout Tower
20:27 Scout Tower
20:28 Scout Tower
20:28 Scout Tower
20:29 Scout Tower
20:50 Arcane Tower
20:51 Guard Tower
20:58 Scout Tower
21:14 Guard Tower
21:16 Scout Tower
21:16 Scout Tower
21:17 Scout Tower
21:17 Scout Tower
21:40 Scout Tower
21:41 Scout Tower
21:41 Scout Tower
21:42 Scout Tower
21:42 Scout Tower
21:43 Scout Tower
22:37 Arcane Tower
22:52 Arcane Tower
23:20 Arcane Tower
23:22 Guard Tower
23:37 Guard Tower
23:38 Scout Tower
23:39 Scout Tower
23:40 Scout Tower
23:40 Scout Tower
24:04 Arcane Vault
25:43 Arcane Tower
25:44 Guard Tower
25:45 Scout Tower
25:46 Scout Tower
25:48 Arcane Vault
25:51 Scout Tower
25:52 Scout Tower
25:52 Scout Tower
27:02 Arcane Tower
27:02 Guard Tower
27:04 Scout Tower
27:04 Scout Tower
27:58 Guard Tower
28:35 Scout Tower
29:11 Guard Tower
29:13 Scout Tower
29:13 Scout Tower
29:14 Scout Tower
29:14 Scout Tower
29:26 Arcane Tower
29:28 Guard Tower
29:32 Scout Tower
29:33 Scout Tower
29:34 Scout Tower
29:34 Scout Tower
29:35 Scout Tower
29:35 Scout Tower
29:41 Guard Tower
29:43 Scout Tower
29:44 Scout Tower
29:45 Scout Tower
30:17 Arcane Tower
30:18 Guard Tower
30:28 Scout Tower
30:29 Scout Tower
30:30 Scout Tower
30:30 Scout Tower
31:18 Guard Tower
31:24 Scout Tower
31:25 Scout Tower
31:26 Scout Tower
31:27 Scout Tower
31:29 Arcane Tower
31:31 Scout Tower
31:33 Scout Tower
33:00 Guard Tower
33:07 Guard Tower
33:11 Scout Tower
33:12 Scout Tower
33:13 Scout Tower
33:13 Scout Tower
35:54 Guard Tower
36:01 Guard Tower
36:02 Scout Tower
36:03 Scout Tower
36:59 Guard Tower
37:04 Scout Tower
37:04 Scout Tower
37:05 Scout Tower
37:05 Scout Tower
37:06 Scout Tower
37:09 Scout Tower
37:10 Scout Tower
37:10 Scout Tower
37:11 Scout Tower
37:11 Scout Tower
37:12 Scout Tower
37:12 Scout Tower
37:15 Scout Tower
37:15 Scout Tower
37:16 Scout Tower
37:16 Scout Tower
37:17 Scout Tower
37:17 Scout Tower
37:35 Arcane Tower
37:36 Guard Tower
39:33 Guard Tower
» items
| Scroll of Regeneration | 3 | |
| Lesser Clarity Potion | 13 | |
| Healing Salve | 3 | |
| Scroll of Speed | 3 | |
| Orb of Lightning | 2 | |
| Staff of Sanctuary | 2 | |
| Scroll of Town Portal | 2 | |
28 total
KeeperFriday (
yellow | 123 APM | 5323 actions | 43:23)
8 Blademaster
3 Wind Walk
3 Critical Strike
1 Bladestorm
1 Mirror Image
» actions
| Assign group hotkey | 13 | |
| Basic commands | 9 | |
| Build / train | 93 | |
| Enter build submenu | 76 | |
| Enter hero's abilities submenu | 8 | |
| Give item / drop item | 20 | |
| Right click | 4103 | |
| Select / deselect | 586 | |
| Select group hotkey | 71 | |
| Use ability | 343 | |
5323 total
» units
» upgrades
| Spiked Barricades | 1 | |
| Liquid Fire | 1 | |
| Troll Regeneration | 1 | |
| Ranged Weapons | 3 | |
| Envenomed Spears | 1 | |
| War Drums Damage Increase | 1 | |
| Armor | 2 | |
10 total
» buildings
| Altar of Storms | 1 | |
| Orc Burrow | 6 | |
| War Mill | 1 | |
| Voodoo Lounge | 5 | |
| Watch Tower | 114 | |
| Stronghold | 3 | |
| Beastiary | 2 | |
| Fortress | 3 | |
| Barracks | 1 | |
| Great Hall | 2 | |
138 total
» build order
00:08 Altar of Storms
00:18 Orc Burrow
00:34 War Mill
00:58 Voodoo Lounge
01:03 Voodoo Lounge
01:46 Watch Tower
02:22 Watch Tower
03:15 Watch Tower
03:28 Watch Tower
03:41 Stronghold
03:41 Stronghold
04:00 Orc Burrow
04:20 Watch Tower
04:22 Watch Tower
05:12 Watch Tower
05:15 Watch Tower
05:16 Watch Tower
05:19 Watch Tower
05:49 Watch Tower
06:19 Watch Tower
06:45 Watch Tower
07:47 Beastiary
07:49 Watch Tower
09:01 Watch Tower
09:02 Fortress
09:02 Fortress
09:04 Beastiary
09:48 Voodoo Lounge
10:11 Orc Burrow
10:12 Orc Burrow
10:13 Orc Burrow
10:20 Watch Tower
10:24 Watch Tower
11:17 Voodoo Lounge
12:22 Watch Tower
13:18 Orc Burrow
13:28 Watch Tower
14:01 Watch Tower
15:02 Watch Tower
15:24 Watch Tower
17:50 Watch Tower
17:50 Watch Tower
18:11 Watch Tower
19:00 Watch Tower
19:01 Watch Tower
19:02 Watch Tower
19:03 Watch Tower
19:04 Watch Tower
19:04 Watch Tower
19:46 Barracks
19:54 Voodoo Lounge
20:09 Watch Tower
20:11 Watch Tower
20:42 Watch Tower
20:43 Watch Tower
21:30 Watch Tower
22:52 Watch Tower
22:52 Watch Tower
22:53 Watch Tower
22:53 Watch Tower
22:54 Watch Tower
22:54 Watch Tower
22:55 Watch Tower
22:56 Watch Tower
22:56 Watch Tower
27:22 Watch Tower
27:22 Watch Tower
27:23 Watch Tower
28:13 Watch Tower
28:52 Watch Tower
28:53 Watch Tower
28:53 Watch Tower
28:53 Watch Tower
28:54 Watch Tower
28:54 Watch Tower
28:55 Watch Tower
28:55 Watch Tower
28:56 Watch Tower
29:12 Watch Tower
29:13 Watch Tower
29:13 Watch Tower
29:13 Watch Tower
29:25 Watch Tower
29:26 Watch Tower
29:27 Watch Tower
29:28 Watch Tower
30:26 Watch Tower
30:26 Watch Tower
31:19 Watch Tower
31:19 Watch Tower
31:20 Watch Tower
31:20 Watch Tower
31:21 Watch Tower
31:21 Watch Tower
31:22 Watch Tower
31:23 Watch Tower
33:05 Watch Tower
33:05 Watch Tower
33:06 Watch Tower
33:06 Watch Tower
33:07 Watch Tower
33:07 Watch Tower
33:08 Watch Tower
33:08 Watch Tower
35:46 Watch Tower
35:47 Watch Tower
35:47 Watch Tower
35:48 Watch Tower
35:48 Watch Tower
35:49 Watch Tower
35:50 Watch Tower
35:50 Watch Tower
38:08 Great Hall
38:11 Great Hall
38:15 Watch Tower
38:15 Watch Tower
38:16 Watch Tower
38:17 Watch Tower
38:18 Watch Tower
38:18 Watch Tower
38:19 Watch Tower
38:19 Watch Tower
38:20 Watch Tower
38:20 Watch Tower
38:21 Watch Tower
38:22 Watch Tower
38:22 Watch Tower
38:23 Watch Tower
38:24 Watch Tower
38:25 Watch Tower
38:26 Watch Tower
38:27 Watch Tower
38:28 Watch Tower
38:29 Watch Tower
38:30 Watch Tower
38:30 Watch Tower
» items
| Healing Salve | 7 | |
| Lesser Clarity Potion | 12 | |
| Potion of Healing | 5 | |
| Orb of Lightning | 1 | |
| Scroll of Town Portal | 2 | |
| Potion of Mana | 3 | |
30 total
WigsAndGorps (
purple | 90 APM | 3913 actions | 43:22)
6 Warden
3 Shadow Strike
3 Blink
5 Pandaren Brewmaster
3 Breath of Fire
2 Drunken Haze
» actions
| Assign group hotkey | 85 | |
| Basic commands | 34 | |
| Build / train | 83 | |
| Enter build submenu | 24 | |
| Enter hero's abilities submenu | 11 | |
| Give item / drop item | 7 | |
| Right click | 2332 | |
| Select / deselect | 791 | |
| Select group hotkey | 313 | |
| Use ability | 230 | |
3913 total
» units
» upgrades
| Well Spring | 1 | |
| Strength of the Wild | 1 | |
| Reinforced Hides | 1 | |
3 total
» buildings
| Moon Well | 17 | |
| Altar of Elders | 2 | |
| Tree of Ages | 4 | |
| Tree of Life | 3 | |
| Ancient of Wonders | 1 | |
| Hunter's Hall | 1 | |
| Tree of Eternity | 2 | |
| Ancient of Wind | 1 | |
31 total
» build order
00:10 Moon Well
00:15 Altar of Elders
01:40 Moon Well
05:25 Tree of Ages
05:25 Tree of Ages
06:59 Tree of Life
11:10 Tree of Life
13:40 Moon Well
14:30 Altar of Elders
14:48 Tree of Ages
14:48 Tree of Ages
15:12 Moon Well
15:50 Ancient of Wonders
16:15 Hunter's Hall
18:13 Tree of Life
19:44 Moon Well
19:46 Moon Well
19:47 Moon Well
19:51 Tree of Eternity
19:51 Tree of Eternity
20:38 Moon Well
20:40 Moon Well
22:33 Moon Well
22:33 Moon Well
22:40 Moon Well
31:13 Moon Well
31:16 Moon Well
31:18 Moon Well
31:19 Moon Well
31:20 Moon Well
40:54 Ancient of Wind
» items
| Lesser Clarity Potion | 5 | |
| Staff of Preservation | 1 | |
| Healing Salve | 1 | |
| Orb of Lightning | 2 | |
| Staff of Sanctuary | 1 | |
10 total
Chat log
(30:39 / All) KeeperFriday: noobs?
(39:10 / All) KeeperFriday: hey guys
(39:12 / All) KeeperFriday: from?
(42:50 / All) KeeperFriday: cripclicks
(42:51 / All) KeeperFriday: good clicks
(43:02 / All) KeeperFriday: im out of gol;d